Map: 轉瞬即逝 - 天梯版

Players

SpeCial - Winner!

  • Race: Terran Terran
  • Spawn Location: 11:00

Has

  • Race: Protoss Protoss
  • Spawn Location: 5:00

VOD

Have the link to the VOD?

Description

Time

  • Played on: Sept. 7, 2019, 2:49 p.m.
  • Length: 10:50
Show
View Real Time Build Order
Export as new Build Order

SpeCial Terran - Winner!

Build Orders:  

Get SALT Encoding   

  12  0:01  SCV  
  13  0:13  SCV  
  14  0:17  Supply Depot  
  14  0:25  SCV  
  15  0:38  SCV  
  15  0:42  Barracks  
  16  0:45  Refinery  
  16  0:50  SCV  
  16  0:54  Refinery  
  17  1:03  SCV  
  18  1:15  SCV  
  19  1:29  Orbital Command, Reaper  
  20  1:38  Supply Depot  
  20  1:43  Factory  
  20  1:55  SCV  
  22  2:01  Reaper  
  22  2:07  SCV  
  23  2:20  Bunker, SCV  
  24  2:31  Widow Mine  
  24  2:33  SCV, Reaper  
  27  2:45  SCV  
  28  2:51  Command Center  
  28  2:57  SCV, Factory Tech Lab  
  28  3:04  Supply Depot  
  28  3:09  SCV  
  29  3:15  Starport  
  29  3:21  SCV  
  29  3:26  Cyclone  
  32  3:38  Barracks  
  32  3:40  Barracks Reactor  
  32  3:44  SCV  
  33  3:53  Viking  
  35  3:58  Siege Tank  
  38  4:04  Orbital Command  
  38  4:12  SCV  
  39  4:17  Marine x2  
  39  4:24  SCV  
  42  4:27  Barracks Tech Lab, Viking  
  44  4:35  Marine x2  
  44  4:37  Siege Tank  
  49  4:42  Supply Depot  
  49  4:45  SCV  
  49  4:46  SCV  
  49  4:48  Marine  
  49  4:51  Stimpack  
  52  4:52  Marine  
  52  4:56  Marine  
  54  5:05  Orbital Command  
  54  5:06  Marine  
  54  5:09  SCV  
  54  5:10  Marine  
  54  5:14  Marine  
  57  5:19  Barracks  
  57  5:21  SCV  
  57  5:24  Marine  
  57  5:28  Marine  
  58  5:31  Marine, SCV  
  58  5:33  SCV  
  58  5:34  Bunker  
  62  5:37  Engineering Bay  
  62  5:54  Supply Depot  
  62  5:55  Supply Depot  
  62  5:58  SCV  
  62  6:03  Supply Depot  
  62  6:04  Marine  
  62  6:07  Marine  
  62  6:08  Marine  
  62  6:09  SCV  
  62  6:15  SCV  
  62  6:16  Terran Infantry Weapons Level 1  
  60  6:21  SCV  
  60  6:22  Marine  
  60  6:24  Marine  
  63  6:25  Marine  
  63  6:26  Starport Reactor  
  63  6:27  SCV, Missile Turret  
  65  6:33  SCV  
  65  6:35  Combat Shield  
  65  6:39  SCV  
  67  6:40  Marine  
  67  6:45  SCV  
  67  6:46  Refinery, Missile Turret  
  67  6:50  Marine  
  67  6:51  Marauder x2, SCV  
  73  6:57  SCV  
  74  7:02  Medivac x2  
  74  7:04  SCV  
  74  7:05  Supply Depot  
  74  7:07  Marine  
  74  7:08  Marine  
  81  7:10  SCV  
  81  7:13  Marauder  
  82  7:16  SCV  
  82  7:22  SCV  
  84  7:23  Marauder  
  84  7:27  Marine x2  
  84  7:28  SCV  
  87  7:34  Marauder, SCV  
  87  7:35  Factory Reactor  
  87  7:36  Medivac x2  
  93  7:40  SCV  
  94  7:45  Marine x2  
  94  7:48  Supply Depot  
  94  7:51  SCV  
  95  7:57  Concussive Shells  
  95  7:59  SCV  
  95  8:03  Refinery  
  95  8:08  SCV  
  95  8:09  Command Center, Marine x2  
  95  8:12  Widow Mine x2, Medivac  
  104  8:18  Medivac  
  104  8:31  Marine x2  
  104  8:32  Marauder x2  
  110  8:34  Supply Depot  
  110  8:35  SCV  
  110  8:37  SCV  
  110  8:38  Widow Mine x2  
  115  8:43  Terran Infantry Armor Level 1  
  115  8:48  Barracks  
  115  8:52  Barracks  
  114  9:04  Marine x2  
  114  9:05  Marauder x2  
  114  9:06  Widow Mine x2  
  114  9:09  SCV  
  126  9:10  SCV  
  126  9:12  Supply Depot  
  125  9:20  Ghost Academy  
  124  9:36  Marine  
  124  9:37  Marauder  
  119  9:43  Widow Mine x2  
  121  9:52  Marine, SCV  
  113  9:53  Marauder  
  113  9:55  Marine  
  113  9:56  Barracks Tech Lab  
  117  10:00  Ghost  
  117  10:01  Barracks Reactor  
  117  10:04  Widow Mine  
  115  10:10  Marine  
  115  10:13  Ghost  
  114  10:18  Orbital Command  
  107  10:30  Marine  
Show
View Real Time Build Order
Export as new Build Order

Has Protoss 

Build Orders: Phoenix Opening, Chargelot Immortal 

Get SALT Encoding   

  12  0:00  Probe  
  13  0:12  Probe  
  14  0:17  Pylon  
  14  0:25  Probe  
  15  0:35  Gateway  
  15  0:38  Probe  
  16  0:45  Assimilator  
  16  0:50  Probe  
  16  0:56  Pylon  
  17  1:02  Probe  
  18  1:14  Gateway, Probe  
  19  1:23  Cybernetics Core  
  19  1:27  Probe  
  19  1:31  Assimilator  
  20  1:39  Probe  
  21  1:49  Adept  
  21  1:51  Probe  
  21  1:52  Stalker  
  24  2:03  Probe  
  27  2:10  Pylon  
  27  2:12  Stalker  
  27  2:19  Adept  
  30  2:39  Stargate  
  30  2:43  Probe  
  31  2:55  Probe  
  32  3:01  Warp Gate  
  32  3:07  Probe  
  33  3:25  Phoenix  
  34  3:27  Probe  
  34  3:44  Nexus  
  34  3:53  Phoenix  
  36  4:01  Pylon  
  36  4:07  Probe  
  37  4:17  Phoenix  
  37  4:21  Probe  
  40  4:29  Robotics Facility  
  40  4:34  Phoenix  
  43  4:49  Adept x2  
  43  4:51  Probe  
  47  4:56  Shield Battery  
  47  5:02  Probe  
  47  5:06  Probe  
  48  5:19  Phoenix  
  50  5:24  Observer  
  50  5:25  Stalker x2  
  55  5:36  Pylon  
  55  5:37  Probe  
  56  5:53  Probe  
  56  5:55  Immortal  
  56  5:56  Probe  
  62  6:05  Probe  
  62  6:08  Probe  
  62  6:12  Twilight Council  
  62  6:17  Probe  
  63  6:23  Zealot x2  
  67  6:29  Pylon, Phoenix  
  67  6:31  Probe  
  70  6:39  Immortal  
  70  6:48  Pylon  
  70  6:49  Probe x2  
  76  6:56  Phoenix  
  78  7:06  Probe  
  78  7:07  Charge  
  79  7:18  Probe x2  
  79  7:19  Pylon  
  81  7:26  Nexus  
  81  7:32  Probe  
  80  7:38  Immortal  
  80  7:44  Probe  
  84  7:51  Gateway  
  84  7:52  Gateway  
  84  7:53  Sentry  
  84  7:55  Gateway  
  84  7:57  Pylon  
  85  8:06  Gateway  
  85  8:07  Gateway  
  85  8:10  Warp Prism, Pylon  
  83  8:22  Probe  
  86  8:28  Probe  
  86  8:31  Pylon  
  86  8:32  Pylon  
  87  8:36  Sentry  
  87  8:41  Immortal  
  89  8:42  Probe x3  
  92  8:54  Zealot, Sentry  
  92  8:55  Zealot  
  102  9:01  Zealot  
  102  9:02  Zealot x2  
  108  9:08  Pylon  
  108  9:23  Zealot x2  
  105  9:31  Probe  
  105  9:33  Zealot x3  
  86  9:48  Probe  
  86  9:51  Probe  
  86  9:52  Probe  
  80  9:54  Zealot  
  80  9:55  Zealot  
  82  10:00  Probe  
  82  10:04  Zealot x4  
  82  10:06  Probe  
  82  10:07  Probe  
  91  10:12  Probe  
  82  10:34  Zealot x2  
  82  10:35  Zealot x3  
  91  10:38  Zealot  
Tags
 
Add a new tag
Caveats
  • Supply blocks, unpowered buildings, or Contaminate may cause inaccurate times.
  • Supply counts are checked every 10 seconds.